Stars vs Kings
Created - 3 février 2014 at 19:07
Goals
|
| Stars |
2 |
1 |
1 |
4 |
| Kings |
2 |
1 |
2 |
5 |
|
Shots
|
| Stars |
9 |
19 |
11 |
39 |
| Kings |
9 |
15 |
10 |
34 |
|
1st period
1. Kings , Jason Arnott 14 (Henrik Zetterberg) at 4:08
2. Kings , Anze Kopitar 29 (Henrik Zetterberg, Patrick Kane) at 7:17 (PP)
3. Stars , David Legwand 24 (Cory Stillman, Alexei Morozov) at 13:39
4. Stars , Brian Gionta 6 (Michael Rupp, Milan Michalek) at 19:57
Penalties :
David Legwand (Dal) for Roughing (Minor) at 6:33, Alexei Morozov (Dal) for Hooking (Minor) at 7:34
2nd period
5. Stars , Milan Michalek 9 (Brian Gionta, Pavel Kubina) at 9:01
6. Kings , Jason Arnott 15 (Henrik Zetterberg) at 12:50
Penalties :
David Legwand (Dal) for Roughing (Minor) at 2:02, Patrick Kane (LAK) for Tripping (Minor) at 9:56, Sergei Gonchar (LAK) for Roughing (Minor) at 14:19, Pavel Kubina (Dal) for Tripping (Minor) at 14:43, Anze Kopitar (LAK) for High sticking (Minor) at 18:48
3rd period
7. Kings , Derek Boogaard 18 (Anze Kopitar) at 3:45
8. Stars , Brian Gionta 7 (Michael Rupp, Patrik Elias) at 4:34
9. Kings , Anze Kopitar 30 (Derek Boogaard) at 15:30
Penalties :
Sean Zimmerman (LAK) for Hooking (Minor) at 10:28, Danny Richmond (LAK) for Roughing (Minor) at 15:53, Francis Bouillon (Dal) for Tripping (Minor) at 17:25
Goalie Stats
Pascal Leclaire (Dal), 29 saves from 34 shots - (0,853), L, 18-20-1, 59:56 minutes
Jimmy Howard (LAK), 35 saves from 39 shots - (0,897), W, 16-18-2, 60:00 minutes
Players Stats for Stars
Player Name G A P +/- PIM S H SB GA TA FO MP PP MP PK MP
------------------------------------------------------------------------------------
Alexei Morozov 0 1 1 -1 2 4 0 2 2 0 1/2 24:02 4:18 3:06
Antoine Vermette 0 0 0 0 0 1 1 0 0 0 9/18 17:12 3:35 2:09
Brendan Bell 0 0 0 -2 0 1 2 2 0 0 0/0 11:23 0:00 0:24
Brian Gionta 2 1 3 2 0 3 1 1 0 0 2/4 13:54 0:00 2:44
Brian Pothier 0 0 0 -2 0 1 0 0 0 0 0/0 10:38 0:00 0:42
Cory Stillman 0 1 1 -1 0 3 1 2 1 0 0/0 21:15 4:18 1:27
David Legwand 1 0 1 -1 4 5 2 1 1 1 23/44 23:11 4:18 2:16
Francis Bouillon 0 0 0 -1 2 1 1 0 0 1 0/0 19:55 3:25 2:00
Jan Hlavac 0 0 0 -1 0 1 2 0 0 0 0/1 6:33 0:00 0:16
Marty Reasoner 0 0 0 -1 0 0 0 0 1 1 1/3 6:24 0:00 0:07
Matthew Spiller 0 0 0 3 0 1 1 2 0 0 0/0 30:01 4:27 3:56
Michael Rupp 0 2 2 2 0 1 2 1 1 0 3/5 10:30 0:00 0:00
Milan Michalek 1 1 2 2 0 5 2 0 0 0 1/1 10:30 0:00 0:00
Patrik Elias 0 1 1 0 0 5 0 0 3 0 0/1 14:19 3:35 0:00
Pavel Kubina 0 1 1 3 2 2 3 3 3 0 0/0 28:54 4:26 3:32
Randy Jones 0 0 0 -1 0 2 0 0 0 0 0/0 20:03 3:26 2:42
Scott Walker 0 0 0 -1 0 0 0 0 0 0 0/0 6:17 0:00 0:00
Shane Doan 0 0 0 0 0 3 1 1 0 1 1/2 16:14 3:35 1:11
Players Stats for Kings
Player Name G A P +/- PIM S H SB GA TA FO MP PP MP PK MP
------------------------------------------------------------------------------------
Adrian Aucoin 0 0 0 1 0 1 0 0 0 0 0/0 19:31 2:46 0:13
Antti Miettinen 0 0 0 -2 0 0 1 0 0 1 0/2 15:29 0:03 4:43
Anze Kopitar 2 1 3 0 2 9 3 0 0 0 20/42 20:42 4:12 0:09
Danny Richmond 0 0 0 1 2 1 2 1 2 1 0/0 24:13 2:58 4:26
Dennis Wideman 0 0 0 0 0 1 0 2 0 2 0/0 24:52 3:52 1:34
Derek Boogaard 1 1 2 0 0 2 1 0 0 0 1/1 17:34 2:23 1:15
Henrik Zetterberg 0 3 3 2 0 2 1 0 0 0 0/0 18:20 4:12 0:00
Jason Arnott 2 0 2 2 0 5 2 0 0 1 13/26 19:18 2:23 4:49
Jay Bouwmeester 0 0 0 0 0 5 1 2 0 1 0/0 26:58 3:52 2:56
Kris Vernarsky 0 0 0 -2 0 2 0 0 0 1 3/6 13:02 0:00 1:46
Matt Moulson 0 0 0 0 0 0 0 0 1 0 0/0 5:45 0:00 0:00
Matt Pettinger 0 0 0 -2 0 1 1 2 0 2 0/0 12:01 0:03 1:18
Nikolai Zherdev 0 0 0 2 0 0 2 0 0 0 2/2 14:05 2:23 0:00
Patrick Kane 0 1 1 0 2 5 2 1 1 0 0/1 18:31 3:36 0:00
Randy Robitaille 0 0 0 0 0 0 2 0 0 0 1/1 5:45 0:00 0:00
Sean Zimmerman 0 0 0 -1 2 0 0 1 0 2 0/0 12:54 0:00 3:41
Sergei Gonchar 0 0 0 -1 2 0 0 0 0 1 0/0 12:53 0:24 2:56
Sheldon Keefe 0 0 0 0 0 0 1 0 0 0 0/0 8:07 0:03 1:46
3 Stars
1 - Brian Gionta (Dal)
2 - Jason Arnott (LAK)
3 - Anze Kopitar (LAK)
Power Play
Stars - 0 on 5 Attempt(s) - 0,00%
Kings - 1 on 5 Attempt(s) - 20,00%
Penalty Kill
Stars - 4 on 5 Attempt(s) - 80,00%
- Score 0 goal in Penalty Kill
Kings - 5 on 5 Attempt(s) - 100,00%
- Score 0 goal in Penalty Kill
Official
Referees : Pochmara Brian and Jackson Dave
Linesman : Andy McElman and Don Henderson
Game Notes
No Game Note
Finance
Level 1 -- Attendance: 5523 (92,05%) -- Ticket Income 403 179 $
Level 2 -- Attendance: 4949 (98,98%) -- Ticket Income 237 552 $
Level 3 -- Attendance: 1377 (68,85%) -- Ticket Income 45 441 $
Level 4 -- Attendance: 2726 (68,15%) -- Ticket Income 62 698 $
Luxury Box -- Attendance: 1000 (100,00%) -- Ticket Income 125 000 $
Game was played at the Staples Center
Total Attendance: 15575 (86,53%)
Total Ticket Income: 873 870 $
Other Income: 131 080 $
Total Income: 1 004 950 $
Stars
5 vs 5 Forward
Center Left Wing Right Wing Time % Phy DF OF
1 David Legwand Cory Stillman Alexei Morozov 40 1 2 2
2 Antoine Vermette Patrik Elias Shane Doan 30 1 2 2
3 Michael Rupp Milan Michalek Brian Gionta 20 1 2 2
4 Marty Reasoner Jan Hlavac Scott Walker 10 1 2 2
5 vs 5 Defense
Defense Defense Time % Phy DF OF
1 Pavel Kubina Matthew Spiller 40 1 2 2
2 Francis Bouillon Randy Jones 30 1 2 2
3 Brendan Bell Brian Pothier 20 1 2 2
4 Pavel Kubina Matthew Spiller 10 1 2 2
PowerPlay Forward
Center Left Wing Right Wing Time % Phy DF OF
1 David Legwand Cory Stillman Alexei Morozov 60 1 2 2
2 Antoine Vermette Patrik Elias Shane Doan 40 1 2 2
PowerPlay Defense
Defense Defense Time % Phy DF OF
1 Pavel Kubina Matthew Spiller 60 1 2 2
2 Francis Bouillon Randy Jones 40 1 2 2
Penalty Kill 4 Players Forward
Center Wing Time % Phy DF OF
1 David Legwand Alexei Morozov 60 1 2 2
2 Shane Doan Antoine Vermette 40 1 2 2
Penalty Kill 4 Players Defense
Defense Defense Time % Phy DF OF
1 Pavel Kubina Matthew Spiller 60 1 2 2
2 Francis Bouillon Randy Jones 40 1 2 2
Penalty Kill - 3 Players Forward
Forward Time % Phy DF OF
1 David Legwand 60 1 2 2
2 Alexei Morozov 40 1 2 2
Penalty Kill - 3 Players Defense
Defense Defense Time % Phy DF OF
1 Pavel Kubina Matthew Spiller 60 1 2 2
2 Francis Bouillon Randy Jones 40 1 2 2
4 vs 4 Forward
Center Wing Time % Phy DF OF
1 David Legwand Alexei Morozov 60 1 2 2
2 Shane Doan Antoine Vermette 40 1 2 2
4 vs 4 Defense
Defense Defense Time % Phy DF OF
1 Pavel Kubina Matthew Spiller 60 1 2 2
2 Francis Bouillon Randy Jones 40 1 2 2
Last Minutes Offensive
Center Left Wing Right Wing Defense Defense
David Legwand Cory Stillman Alexei Morozov Pavel Kubina Matthew Spiller
Last Minutes Defensive
Center Left Wing Right Wing Defense Defense
David Legwand Cory Stillman Alexei Morozov Pavel Kubina Matthew Spiller
Goaltenders
Starting : Pascal Leclaire
Backup : Vesa Toskala
Extra Forwards
Normal : Milan Michalek, Michael Rupp, Brian Gionta - PP : Milan Michalek, Michael Rupp - PK : Brian Gionta
Extra Defensemen
Normal : Brendan Bell, Brian Pothier, Francis Bouillon - PP : Brendan Bell - PK : Brian Pothier, Francis Bouillon
Penalty Shots
David Legwand, Alexei Morozov, Shane Doan, Antoine Vermette, Cory Stillman
Kings
5 vs 5 Forward
Center Left Wing Right Wing Time % Phy DF OF
1 Anze Kopitar Derek Boogaard Patrick Kane 40 1 2 2
2 Jason Arnott Henrik Zetterberg Nikolai Zherdev 35 1 2 2
3 Kris Vernarsky Matt Pettinger Antti Miettinen 20 1 2 2
4 Randy Robitaille Matt Moulson Sheldon Keefe 5 1 2 2
5 vs 5 Defense
Defense Defense Time % Phy DF OF
1 Jay Bouwmeester Dennis Wideman 40 1 2 2
2 Danny Richmond Adrian Aucoin 35 1 2 2
3 Sergei Gonchar Sean Zimmerman 20 1 2 2
4 Sergei Gonchar Sean Zimmerman 5 1 2 2
PowerPlay Forward
Center Left Wing Right Wing Time % Phy DF OF
1 Anze Kopitar Henrik Zetterberg Patrick Kane 60 1 2 2
2 Jason Arnott Derek Boogaard Nikolai Zherdev 40 1 2 2
PowerPlay Defense
Defense Defense Time % Phy DF OF
1 Dennis Wideman Jay Bouwmeester 60 1 2 2
2 Danny Richmond Adrian Aucoin 40 1 2 2
Penalty Kill 4 Players Forward
Center Wing Time % Phy DF OF
1 Jason Arnott Antti Miettinen 60 1 2 2
2 Kris Vernarsky Sheldon Keefe 40 1 2 2
Penalty Kill 4 Players Defense
Defense Defense Time % Phy DF OF
1 Sean Zimmerman Danny Richmond 60 1 2 2
2 Jay Bouwmeester Sergei Gonchar 40 1 2 2
Penalty Kill - 3 Players Forward
Forward Time % Phy DF OF
1 Anze Kopitar 60 1 2 2
2 Jason Arnott 40 1 2 2
Penalty Kill - 3 Players Defense
Defense Defense Time % Phy DF OF
1 Danny Richmond Jay Bouwmeester 60 1 2 2
2 Sean Zimmerman Sergei Gonchar 40 1 2 2
4 vs 4 Forward
Center Wing Time % Phy DF OF
1 Anze Kopitar Henrik Zetterberg 60 1 2 2
2 Jason Arnott Patrick Kane 40 1 2 2
4 vs 4 Defense
Defense Defense Time % Phy DF OF
1 Dennis Wideman Jay Bouwmeester 60 1 2 2
2 Danny Richmond Adrian Aucoin 40 1 2 2
Last Minutes Offensive
Center Left Wing Right Wing Defense Defense
Anze Kopitar Henrik Zetterberg Patrick Kane Dennis Wideman Jay Bouwmeester
Last Minutes Defensive
Center Left Wing Right Wing Defense Defense
Anze Kopitar Henrik Zetterberg Patrick Kane Danny Richmond Jay Bouwmeester
Goaltenders
Starting : Jimmy Howard
Backup : Michal Neuvirth
Extra Forwards
Normal : Kris Vernarsky, Antti Miettinen, Matt Pettinger - PP : Antti Miettinen, Matt Pettinger - PK : Matt Pettinger
Extra Defensemen
Normal : Sergei Gonchar, Dennis Wideman, Danny Richmond - PP : Sergei Gonchar - PK : Dennis Wideman, Adrian Aucoin
Penalty Shots
Anze Kopitar, Henrik Zetterberg, Patrick Kane, Jason Arnott, Nikolai Zherdev
% Time on Ice - Stars
Lines # - Real PCT - Wanted PCT - Time Play
Normal Forward
1 - 37% - 40% - 15:56
2 - 25% - 30% - 10:44
3 - 24% - 20% - 10:30
4 - 14% - 10% - 6:17
Normal Defense
1 - 43% - 40% - 18:46
2 - 30% - 30% - 13:02
3 - 23% - 20% - 9:56
4 - 4% - 10% - 1:43
PP Forward
1 - 55% - 60% - 4:18
2 - 45% - 40% - 3:35
PP Defense
1 - 56% - 60% - 4:27
2 - 44% - 40% - 3:26
PK Forward
1 - 82% - 60% - 5:27
2 - 18% - 40% - 1:11
PK Defense
1 - 59% - 60% - 3:56
2 - 41% - 40% - 2:42
PK3 Forward
1 - 0% - 60%
2 - 0% - 40%
PK3 Defense
1 - 0% - 60%
2 - 0% - 40%
44 Forward
1 - 64% - 60% - 1:18
2 - 36% - 40% - 0:44
44 Defense
1 - 57% - 60% - 1:09
2 - 43% - 40% - 0:53
Last Minute Offensive - 0:00
Last Minute Defensive - 0:00
Total
Forward - 60:00
Defense - 60:00
|
% Time on Ice - Kings
Lines # - Real PCT - Wanted PCT - Time Play
Normal Forward
1 - 34% - 40% - 14:44
2 - 29% - 35% - 12:15
3 - 24% - 20% - 10:09
4 - 13% - 5% - 5:45
Normal Defense
1 - 43% - 40% - 18:22
2 - 37% - 35% - 15:50
3 - 19% - 20% - 8:04
4 - 1% - 5% - 0:37
PP Forward
1 - 64% - 60% - 4:15
2 - 36% - 40% - 2:23
PP Defense
1 - 58% - 60% - 3:52
2 - 42% - 40% - 2:46
PK Forward
1 - 78% - 60% - 6:07
2 - 22% - 40% - 1:46
PK Defense
1 - 63% - 60% - 4:57
2 - 37% - 40% - 2:56
PK3 Forward
1 - 0% - 60%
2 - 0% - 40%
PK3 Defense
1 - 0% - 60%
2 - 0% - 40%
44 Forward
1 - 80% - 60% - 1:38
2 - 20% - 40% - 0:24
44 Defense
1 - 61% - 60% - 1:15
2 - 39% - 40% - 0:47
Last Minute Offensive - 0:00
Last Minute Defensive - 0:34
Total
Forward - 60:00
Defense - 60:00
|
Play by Play
1st period
0:01 of 1st period - David Legwand wins face-off versus Anze Kopitar in neutral zone.
0:04 of 1st period - Slapshot by Pavel Kubina.
0:04 of 1st period - Shot Misses the Net.
0:06 of 1st period - Snap shot by Alexei Morozov.
0:06 of 1st period - Deflect By Cory Stillman.
0:06 of 1st period - Shot Misses the Net.
0:06 of 1st period - Puck is out of play.
0:07 of 1st period - David Legwand wins face-off versus Anze Kopitar in Kings zone.
1:03 of 1st period - Wrist shot by Matt Pettinger.
1:03 of 1st period - Shot Blocked by Michael Rupp.
1:23 of 1st period - Snap shot by Marty Reasoner.
1:23 of 1st period - Deflect By Scott Walker.
1:23 of 1st period - Shot Misses the Net.
1:23 of 1st period - Puck is out of play.
1:24 of 1st period - Jason Arnott wins face-off versus David Legwand in Kings zone.
1:24 of 1st period - Jason Arnott is hit by Brendan Bell.
1:36 of 1st period - Slapshot by Henrik Zetterberg.
1:36 of 1st period - Shot Misses the Net.
1:50 of 1st period - Sean Zimmerman is hit by Brendan Bell and loses puck.
2:11 of 1st period - Matthew Spiller is hit by Antti Miettinen and loses puck.
2:18 of 1st period - Matt Pettinger is hit by Michael Rupp and loses puck.
2:29 of 1st period - Scott Walker is hit by Randy Robitaille.
2:51 of 1st period - Jason Arnott is hit by Cory Stillman.
3:17 of 1st period - Slapshot by Patrik Elias.
3:17 of 1st period - Stopped by Jimmy Howard without a rebound.
3:18 of 1st period - Anze Kopitar wins face-off versus Antoine Vermette in Kings zone.
4:00 of 1st period - Snap shot by Patrick Kane.
4:00 of 1st period - Stopped by Pascal Leclaire with a rebound.
4:02 of 1st period - Slapshot by Dennis Wideman.
4:02 of 1st period - Stopped by Pascal Leclaire without a rebound.
4:03 of 1st period - Jason Arnott wins face-off versus David Legwand in Stars zone.
4:04 of 1st period - Slapshot by Henrik Zetterberg.
4:04 of 1st period - Shot Blocked by Alexei Morozov.
4:06 of 1st period - Snap shot by Henrik Zetterberg.
4:06 of 1st period - Shot Blocked by Brendan Bell.
4:08 of 1st period - Snap shot by Jason Arnott.
4:08 of 1st period - Goal by Jason Arnott - Stars : 0 - Kings : 1.
4:09 of 1st period - Jason Arnott wins face-off versus David Legwand in neutral zone.
4:19 of 1st period - Snap shot by Alexei Morozov.
4:19 of 1st period - Deflect By David Legwand.
4:19 of 1st period - Shot Misses the Net.
4:19 of 1st period - Puck is out of play.
4:20 of 1st period - Kris Vernarsky wins face-off versus David Legwand in Kings zone.
5:20 of 1st period - Snap shot by Jason Arnott.
5:20 of 1st period - Stopped by Pascal Leclaire with a rebound.
6:19 of 1st period - Slapshot by Jason Arnott.
6:19 of 1st period - Stopped by Pascal Leclaire with a rebound.
6:33 of 1st period - Minor Penalty to David Legwand for Roughing.
6:34 of 1st period - Anze Kopitar wins face-off versus Brian Gionta in Stars zone.
6:39 of 1st period - Wrist shot by Henrik Zetterberg.
6:39 of 1st period - Stopped by Pascal Leclaire without a rebound.
6:40 of 1st period - Brian Gionta wins face-off versus Anze Kopitar in Stars zone.
7:17 of 1st period - Snap shot by Anze Kopitar.
7:17 of 1st period - Goal by Anze Kopitar - Stars : 0 - Kings : 2.
7:18 of 1st period - Antoine Vermette wins face-off versus Antti Miettinen in neutral zone.
7:21 of 1st period - Antti Miettinen is hit by Francis Bouillon and loses puck.
7:31 of 1st period - Off-side.
7:32 of 1st period - David Legwand wins face-off versus Anze Kopitar in neutral zone.
7:34 of 1st period - Minor Penalty to Alexei Morozov for Hooking.
7:35 of 1st period - David Legwand wins face-off versus Anze Kopitar in Stars zone.
7:35 of 1st period - David Legwand is hit by Anze Kopitar.
9:11 of 1st period - Danny Richmond is hit by Jan Hlavac and loses puck.
9:34 of 1st period - Penalty to Alexei Morozov is over, Alexei Morozov is back on ice.
9:48 of 1st period - Slapshot by Brian Pothier.
9:48 of 1st period - Deflect By Jan Hlavac.
9:48 of 1st period - Shot Blocked by Danny Richmond.
9:48 of 1st period - Puck is out of play.
9:49 of 1st period - Kris Vernarsky wins face-off versus Marty Reasoner in Kings zone.
10:22 of 1st period - Brendan Bell is hit by Sheldon Keefe and loses puck.
11:01 of 1st period - Snap shot by Cory Stillman.
11:01 of 1st period - Shot Misses the Net.
11:03 of 1st period - Slapshot by Alexei Morozov.
11:03 of 1st period - Stopped by Jimmy Howard with a rebound.
11:05 of 1st period - Slapshot by Randy Jones.
11:05 of 1st period - Stopped by Jimmy Howard without a rebound.
11:06 of 1st period - Michael Rupp wins face-off versus Anze Kopitar in Kings zone.
11:07 of 1st period - Wrist shot by Milan Michalek.
11:07 of 1st period - Stopped by Jimmy Howard with a rebound.
11:09 of 1st period - Wrist shot by Michael Rupp.
11:09 of 1st period - Shot Misses the Net.
11:33 of 1st period - Francis Bouillon is hit by Danny Richmond and loses puck.
12:01 of 1st period - Off-side.
12:02 of 1st period - Anze Kopitar wins face-off versus David Legwand in neutral zone.
13:15 of 1st period - Wrist shot by Brendan Bell.
13:15 of 1st period - Stopped by Jimmy Howard with a rebound.
13:37 of 1st period - Wrist shot by Cory Stillman.
13:37 of 1st period - Shot Misses the Net.
13:39 of 1st period - Snap shot by David Legwand.
13:39 of 1st period - Goal by David Legwand - Stars : 1 - Kings : 2.
13:40 of 1st period - Anze Kopitar wins face-off versus David Legwand in neutral zone.
13:53 of 1st period - Wrist shot by Patrick Kane.
13:53 of 1st period - Stopped by Pascal Leclaire with a rebound.
14:53 of 1st period - Slapshot by Matthew Spiller.
14:53 of 1st period - Shot Misses the Net.
14:55 of 1st period - Slapshot by Pavel Kubina.
14:55 of 1st period - Stopped by Jimmy Howard with a rebound.
16:09 of 1st period - Icing by Antti Miettinen.
16:10 of 1st period - David Legwand wins face-off versus Kris Vernarsky in Kings zone.
17:33 of 1st period - Slapshot by Jay Bouwmeester.
17:33 of 1st period - Deflect By Cory Stillman.
17:33 of 1st period - Stopped by Pascal Leclaire with a rebound.
17:41 of 1st period - Slapshot by Alexei Morozov.
17:41 of 1st period - Shot Misses the Net.
17:43 of 1st period - Wrist shot by Cory Stillman.
17:43 of 1st period - Deflect By Antti Miettinen.
17:43 of 1st period - Shot Misses the Net.
17:43 of 1st period - Puck is out of play.
17:44 of 1st period - Anze Kopitar wins face-off versus Antoine Vermette in Kings zone.
18:17 of 1st period - Slapshot by Brian Pothier.
18:17 of 1st period - Deflect By Milan Michalek.
18:17 of 1st period - Shot Blocked by Sean Zimmerman.
18:17 of 1st period - Puck is out of play.
18:18 of 1st period - Jason Arnott wins face-off versus Antoine Vermette in Kings zone.
18:43 of 1st period - Brian Gionta is hit by Anze Kopitar and loses puck.
19:09 of 1st period - Marty Reasoner is hit by Randy Robitaille and loses puck.
19:24 of 1st period - Snap shot by Patrik Elias.
19:24 of 1st period - Stopped by Jimmy Howard without a rebound.
19:25 of 1st period - Nikolai Zherdev wins face-off versus Antoine Vermette in Kings zone.
19:57 of 1st period - Slapshot by Brian Gionta.
19:57 of 1st period - Goal by Brian Gionta - Stars : 2 - Kings : 2.
19:58 of 1st period - Anze Kopitar wins face-off versus David Legwand in neutral zone.
Goals for this period are 2 for Stars vs 2 for Kings.
Shots for this period are 9 for Stars vs 9 for Kings.
2nd period
0:01 of 2nd period - Anze Kopitar wins face-off versus David Legwand in neutral zone.
0:04 of 2nd period - Slapshot by Jay Bouwmeester.
0:04 of 2nd period - Stopped by Pascal Leclaire with a rebound.
0:06 of 2nd period - Snap shot by Anze Kopitar.
0:06 of 2nd period - Shot Blocked by Cory Stillman.
0:08 of 2nd period - Backhand shot by Patrick Kane.
0:08 of 2nd period - Stopped by Pascal Leclaire without a rebound.
0:09 of 2nd period - David Legwand wins face-off versus Patrick Kane in Stars zone.
0:09 of 2nd period - David Legwand is hit by Derek Boogaard.
0:49 of 2nd period - Wrist shot by Alexei Morozov.
0:49 of 2nd period - Deflect By Anze Kopitar.
0:49 of 2nd period - Shot Misses the Net.
0:49 of 2nd period - Puck is out of play.
0:50 of 2nd period - Antoine Vermette wins face-off versus Jason Arnott in Kings zone.
0:55 of 2nd period - Wrist shot by Antoine Vermette.
0:55 of 2nd period - Shot Misses the Net.
0:57 of 2nd period - Snap shot by Patrik Elias.
0:57 of 2nd period - Stopped by Jimmy Howard with a rebound.
0:59 of 2nd period - Slapshot by Francis Bouillon.
0:59 of 2nd period - Stopped by Jimmy Howard with a rebound.
1:59 of 2nd period - Slapshot by David Legwand.
1:59 of 2nd period - Stopped by Jimmy Howard without a rebound.
2:00 of 2nd period - David Legwand wins face-off versus Jason Arnott in Kings zone.
2:02 of 2nd period - Minor Penalty to David Legwand for Roughing.
2:03 of 2nd period - Brian Gionta wins face-off versus Anze Kopitar in Stars zone.
2:30 of 2nd period - Dennis Wideman is hit by Matthew Spiller and loses puck.
2:36 of 2nd period - Off-side.
2:37 of 2nd period - Antoine Vermette wins face-off versus Anze Kopitar in neutral zone.
4:02 of 2nd period - Penalty to David Legwand is over, David Legwand is back on ice.
4:16 of 2nd period - Patrick Kane is hit by Jan Hlavac and loses puck.
4:33 of 2nd period - Icing by Brian Gionta.
4:34 of 2nd period - Michael Rupp wins face-off versus Kris Vernarsky in Stars zone.
4:39 of 2nd period - Slapshot by Brian Gionta.
4:39 of 2nd period - Deflect By Milan Michalek.
4:39 of 2nd period - Stopped by Jimmy Howard without a rebound.
4:40 of 2nd period - David Legwand wins face-off versus Kris Vernarsky in Kings zone.
4:41 of 2nd period - Snap shot by Cory Stillman.
4:41 of 2nd period - Stopped by Jimmy Howard with a rebound.
4:47 of 2nd period - Slapshot by Dennis Wideman.
4:47 of 2nd period - Deflect By Kris Vernarsky.
4:47 of 2nd period - Stopped by Pascal Leclaire with a rebound.
4:49 of 2nd period - Slapshot by Jay Bouwmeester.
4:49 of 2nd period - Stopped by Pascal Leclaire without a rebound.
4:50 of 2nd period - David Legwand wins face-off versus Antti Miettinen in Stars zone.
4:50 of 2nd period - David Legwand is hit by Matt Pettinger.
5:40 of 2nd period - Backhand shot by Jay Bouwmeester.
5:40 of 2nd period - Stopped by Pascal Leclaire with a rebound.
5:42 of 2nd period - Slapshot by Matt Pettinger.
5:42 of 2nd period - Shot Misses the Net.
5:44 of 2nd period - Slapshot by Antti Miettinen.
5:44 of 2nd period - Shot Blocked by Cory Stillman.
5:54 of 2nd period - Backhand shot by Matt Pettinger.
5:54 of 2nd period - Shot Blocked by Pavel Kubina.
5:56 of 2nd period - Wrist shot by Antti Miettinen.
5:56 of 2nd period - Shot Blocked by Matthew Spiller.
5:58 of 2nd period - Wrist shot by Kris Vernarsky.
5:58 of 2nd period - Shot Misses the Net.
6:00 of 2nd period - Snap shot by Matt Pettinger.
6:00 of 2nd period - Stopped by Pascal Leclaire without a rebound.
6:01 of 2nd period - Anze Kopitar wins face-off versus Patrik Elias in Stars zone.
6:27 of 2nd period - Randy Jones is hit by Nikolai Zherdev.
6:33 of 2nd period - Wrist shot by Michael Rupp.
6:33 of 2nd period - Stopped by Jimmy Howard with a rebound.
7:14 of 2nd period - Patrik Elias is hit by Jay Bouwmeester and loses puck.
7:29 of 2nd period - Snap shot by Milan Michalek.
7:29 of 2nd period - Stopped by Jimmy Howard without a rebound.
7:30 of 2nd period - Milan Michalek wins face-off versus Jason Arnott in Kings zone.
7:31 of 2nd period - Wrist shot by Brian Gionta.
7:31 of 2nd period - Stopped by Jimmy Howard with a rebound.
7:52 of 2nd period - Icing by Pavel Kubina.
7:53 of 2nd period - Anze Kopitar wins face-off versus Michael Rupp in Stars zone.
7:56 of 2nd period - Snap shot by Derek Boogaard.
7:56 of 2nd period - Stopped by Pascal Leclaire with a rebound.
7:58 of 2nd period - Wrist shot by Anze Kopitar.
7:58 of 2nd period - Shot Blocked by Brian Gionta.
8:06 of 2nd period - Wrist shot by Anze Kopitar.
8:06 of 2nd period - Stopped by Pascal Leclaire without a rebound.
8:07 of 2nd period - Antoine Vermette wins face-off versus Jason Arnott in Stars zone.
8:34 of 2nd period - Anze Kopitar is hit by David Legwand and loses puck.
8:53 of 2nd period - Snap shot by Milan Michalek.
8:53 of 2nd period - Shot Blocked by Matt Pettinger.
8:55 of 2nd period - Slapshot by Pavel Kubina.
8:55 of 2nd period - Shot Misses the Net.
8:57 of 2nd period - Snap shot by Pavel Kubina.
8:57 of 2nd period - Shot Blocked by Matt Pettinger.
8:59 of 2nd period - Snap shot by Brian Gionta.
8:59 of 2nd period - Shot Blocked by Dennis Wideman.
9:01 of 2nd period - Snap shot by Milan Michalek.
9:01 of 2nd period - Goal by Milan Michalek - Stars : 3 - Kings : 2.
9:02 of 2nd period - Antoine Vermette wins face-off versus Anze Kopitar in neutral zone.
9:07 of 2nd period - Wrist shot by Antoine Vermette.
9:07 of 2nd period - Stopped by Jimmy Howard without a rebound.
9:08 of 2nd period - Derek Boogaard wins face-off versus Antoine Vermette in Kings zone.
9:23 of 2nd period - Slapshot by Patrick Kane.
9:23 of 2nd period - Deflect By Derek Boogaard.
9:23 of 2nd period - Shot Blocked by Shane Doan.
9:23 of 2nd period - Puck is out of play.
9:24 of 2nd period - David Legwand wins face-off versus Jason Arnott in Stars zone.
9:33 of 2nd period - Wrist shot by Pavel Kubina.
9:33 of 2nd period - Stopped by Jimmy Howard without a rebound.
9:34 of 2nd period - Jason Arnott wins face-off versus David Legwand in Kings zone.
9:41 of 2nd period - Wrist shot by David Legwand.
9:41 of 2nd period - Shot Blocked by Jay Bouwmeester.
9:43 of 2nd period - Slapshot by Matthew Spiller.
9:43 of 2nd period - Stopped by Jimmy Howard with a rebound.
9:45 of 2nd period - Snap shot by Matthew Spiller.
9:45 of 2nd period - Shot Misses the Net.
9:47 of 2nd period - Slapshot by Alexei Morozov.
9:47 of 2nd period - Shot Blocked by Dennis Wideman.
9:49 of 2nd period - Wrist shot by David Legwand.
9:49 of 2nd period - Shot Misses the Net.
9:51 of 2nd period - Slapshot by Cory Stillman.
9:51 of 2nd period - Stopped by Jimmy Howard without a rebound.
9:52 of 2nd period - Antoine Vermette wins face-off versus Anze Kopitar in Kings zone.
9:56 of 2nd period - Minor Penalty to Patrick Kane for Tripping.
9:57 of 2nd period - David Legwand wins face-off versus Jason Arnott in Kings zone.
9:59 of 2nd period - Snap shot by Alexei Morozov.
9:59 of 2nd period - Deflect By David Legwand.
9:59 of 2nd period - Stopped by Jimmy Howard with a rebound.
10:01 of 2nd period - Wrist shot by Cory Stillman.
10:01 of 2nd period - Stopped by Jimmy Howard with a rebound.
10:03 of 2nd period - Snap shot by Matthew Spiller.
10:03 of 2nd period - Shot Misses the Net.
10:31 of 2nd period - Sean Zimmerman is hit by Shane Doan and loses puck.
11:56 of 2nd period - Penalty to Patrick Kane is over, Patrick Kane is back on ice.
12:44 of 2nd period - Icing by Marty Reasoner.
12:45 of 2nd period - Jason Arnott wins face-off versus Jan Hlavac in Stars zone.
12:50 of 2nd period - Snap shot by Jason Arnott.
12:50 of 2nd period - Goal by Jason Arnott - Stars : 3 - Kings : 3.
12:51 of 2nd period - Anze Kopitar wins face-off versus David Legwand in neutral zone.
13:06 of 2nd period - Wrist shot by Anze Kopitar.
13:06 of 2nd period - Stopped by Pascal Leclaire with a rebound.
13:20 of 2nd period - Snap shot by Michael Rupp.
13:20 of 2nd period - Deflect By Brian Gionta.
13:20 of 2nd period - Shot Misses the Net.
13:20 of 2nd period - Puck is out of play.
13:21 of 2nd period - Jason Arnott wins face-off versus Brian Gionta in Kings zone.
14:07 of 2nd period - Off-side.
14:08 of 2nd period - David Legwand wins face-off versus Anze Kopitar in neutral zone.
14:19 of 2nd period - Minor Penalty to Sergei Gonchar for Roughing.
14:20 of 2nd period - David Legwand wins face-off versus Jason Arnott in Kings zone.
14:43 of 2nd period - Minor Penalty to Pavel Kubina for Tripping.
14:44 of 2nd period - Anze Kopitar wins face-off versus David Legwand in Stars zone.
14:47 of 2nd period - Slapshot by Henrik Zetterberg.
14:47 of 2nd period - Stopped by Pascal Leclaire with a rebound.
14:49 of 2nd period - Slapshot by Anze Kopitar.
14:49 of 2nd period - Stopped by Pascal Leclaire without a rebound.
14:50 of 2nd period - Anze Kopitar wins face-off versus David Legwand in Stars zone.
15:05 of 2nd period - Snap shot by Anze Kopitar.
15:05 of 2nd period - Shot Blocked by Alexei Morozov.
15:36 of 2nd period - Slapshot by Danny Richmond.
15:36 of 2nd period - Stopped by Pascal Leclaire with a rebound.
15:49 of 2nd period - Icing by Antoine Vermette.
15:50 of 2nd period - Anze Kopitar wins face-off versus Shane Doan in Stars zone.
16:09 of 2nd period - Snap shot by Shane Doan.
16:09 of 2nd period - Stopped by Jimmy Howard without a rebound.
16:10 of 2nd period - David Legwand wins face-off versus Anze Kopitar in Kings zone.
16:11 of 2nd period - Snap shot by Alexei Morozov.
16:11 of 2nd period - Stopped by Jimmy Howard without a rebound.
16:12 of 2nd period - Anze Kopitar wins face-off versus David Legwand in Kings zone.
16:17 of 2nd period - Alexei Morozov is hit by Henrik Zetterberg and loses puck.
16:19 of 2nd period - Penalty to Sergei Gonchar is over, Sergei Gonchar is back on ice.
16:28 of 2nd period - Snap shot by Anze Kopitar.
16:28 of 2nd period - Stopped by Pascal Leclaire with a rebound.
16:34 of 2nd period - Wrist shot by Anze Kopitar.
16:34 of 2nd period - Shot Blocked by Brendan Bell.
16:43 of 2nd period - Penalty to Pavel Kubina is over, Pavel Kubina is back on ice.
17:03 of 2nd period - Slapshot by Sergei Gonchar.
17:03 of 2nd period - Deflect By Alexei Morozov.
17:03 of 2nd period - Shot Blocked by Matthew Spiller.
17:03 of 2nd period - Puck is out of play.
17:04 of 2nd period - Kris Vernarsky wins face-off versus Antoine Vermette in Stars zone.
17:33 of 2nd period - Slapshot by Michael Rupp.
17:33 of 2nd period - Deflect By Brian Gionta.
17:33 of 2nd period - Shot Misses the Net.
17:33 of 2nd period - Puck is out of play.
17:34 of 2nd period - Randy Robitaille wins face-off versus Michael Rupp in Kings zone.
17:34 of 2nd period - Randy Robitaille is hit by Milan Michalek.
17:39 of 2nd period - Danny Richmond is hit by Pavel Kubina and loses puck.
18:13 of 2nd period - Wrist shot by Sheldon Keefe.
18:13 of 2nd period - Shot Misses the Net.
18:28 of 2nd period - Off-side.
18:29 of 2nd period - Jason Arnott wins face-off versus David Legwand in neutral zone.
18:40 of 2nd period - Slapshot by Randy Jones.
18:40 of 2nd period - Shot Misses the Net.
18:42 of 2nd period - Wrist shot by Alexei Morozov.
18:42 of 2nd period - Stopped by Jimmy Howard without a rebound.
18:43 of 2nd period - Antoine Vermette wins face-off versus Anze Kopitar in Kings zone.
18:46 of 2nd period - Snap shot by Shane Doan.
18:46 of 2nd period - Stopped by Jimmy Howard with a rebound.
18:48 of 2nd period - Minor Penalty to Anze Kopitar for High sticking.
18:49 of 2nd period - Jason Arnott wins face-off versus David Legwand in Kings zone.
19:06 of 2nd period - Slapshot by Jason Arnott.
19:06 of 2nd period - Stopped by Pascal Leclaire without a rebound.
19:07 of 2nd period - Antoine Vermette wins face-off versus Jason Arnott in Stars zone.
Goals for this period are 1 for Stars vs 1 for Kings.
Shots for this period are 19 for Stars vs 15 for Kings.
3rd period
0:01 of 3rd period - David Legwand wins face-off versus Jason Arnott in neutral zone.
0:48 of 3rd period - Penalty to Anze Kopitar is over, Anze Kopitar is back on ice.
1:34 of 3rd period - Slapshot by Adrian Aucoin.
1:34 of 3rd period - Stopped by Pascal Leclaire with a rebound.
1:46 of 3rd period - Slapshot by Randy Jones.
1:46 of 3rd period - Stopped by Jimmy Howard with a rebound.
2:26 of 3rd period - Backhand shot by Antoine Vermette.
2:26 of 3rd period - Shot Misses the Net.
3:06 of 3rd period - Wrist shot by Patrick Kane.
3:06 of 3rd period - Shot Blocked by David Legwand.
3:08 of 3rd period - Snap shot by Jay Bouwmeester.
3:08 of 3rd period - Stopped by Pascal Leclaire with a rebound.
3:10 of 3rd period - Backhand shot by Patrick Kane.
3:10 of 3rd period - Stopped by Pascal Leclaire without a rebound.
3:11 of 3rd period - Anze Kopitar wins face-off versus Antoine Vermette in Stars zone.
3:14 of 3rd period - Slapshot by Patrick Kane.
3:14 of 3rd period - Stopped by Pascal Leclaire without a rebound.
3:15 of 3rd period - Jason Arnott wins face-off versus Antoine Vermette in Stars zone.
3:16 of 3rd period - Wrist shot by Henrik Zetterberg.
3:16 of 3rd period - Shot Blocked by Pavel Kubina.
3:30 of 3rd period - Snap shot by Antoine Vermette.
3:30 of 3rd period - Shot Hit the Post.
3:41 of 3rd period - Off-side.
3:42 of 3rd period - Anze Kopitar wins face-off versus David Legwand in neutral zone.
3:45 of 3rd period - Slapshot by Derek Boogaard.
3:45 of 3rd period - Goal by Derek Boogaard - Stars : 3 - Kings : 4.
3:46 of 3rd period - David Legwand wins face-off versus Anze Kopitar in neutral zone.
3:49 of 3rd period - Snap shot by Alexei Morozov.
3:49 of 3rd period - Shot Blocked by Patrick Kane.
4:13 of 3rd period - Matthew Spiller is hit by Nikolai Zherdev and loses puck.
4:34 of 3rd period - Slapshot by Brian Gionta.
4:34 of 3rd period - Goal by Brian Gionta - Stars : 4 - Kings : 4.
4:35 of 3rd period - David Legwand wins face-off versus Anze Kopitar in neutral zone.
4:42 of 3rd period - Wrist shot by Anze Kopitar.
4:42 of 3rd period - Stopped by Pascal Leclaire without a rebound.
4:43 of 3rd period - David Legwand wins face-off versus Anze Kopitar in Stars zone.
4:43 of 3rd period - David Legwand is hit by Patrick Kane.
5:05 of 3rd period - Snap shot by Anze Kopitar.
5:05 of 3rd period - Stopped by Pascal Leclaire without a rebound.
5:06 of 3rd period - Antoine Vermette wins face-off versus Jason Arnott in Stars zone.
5:20 of 3rd period - Snap shot by Patrik Elias.
5:20 of 3rd period - Stopped by Jimmy Howard with a rebound.
5:22 of 3rd period - Snap shot by Antoine Vermette.
5:22 of 3rd period - Deflect By Patrik Elias.
5:22 of 3rd period - Stopped by Jimmy Howard without a rebound.
5:23 of 3rd period - Alexei Morozov wins face-off versus Anze Kopitar in Kings zone.
5:31 of 3rd period - Off-side.
5:32 of 3rd period - David Legwand wins face-off versus Anze Kopitar in neutral zone.
5:35 of 3rd period - Adrian Aucoin is hit by Pavel Kubina.
5:43 of 3rd period - Slapshot by Danny Richmond.
5:43 of 3rd period - Shot Misses the Net.
5:55 of 3rd period - Wrist shot by Anze Kopitar.
5:55 of 3rd period - Stopped by Pascal Leclaire with a rebound.
5:57 of 3rd period - Snap shot by Patrick Kane.
5:57 of 3rd period - Shot Misses the Net.
5:59 of 3rd period - Slapshot by Patrick Kane.
5:59 of 3rd period - Deflect By Derek Boogaard.
5:59 of 3rd period - Shot Blocked by Pavel Kubina.
5:59 of 3rd period - Puck is out of play.
6:00 of 3rd period - Shane Doan wins face-off versus Jason Arnott in Stars zone.
6:25 of 3rd period - Dennis Wideman is hit by Milan Michalek and loses puck.
6:32 of 3rd period - Snap shot by Milan Michalek.
6:32 of 3rd period - Stopped by Jimmy Howard without a rebound.
6:33 of 3rd period - Nikolai Zherdev wins face-off versus David Legwand in Kings zone.
7:30 of 3rd period - Snap shot by Milan Michalek.
7:30 of 3rd period - Deflect By Michael Rupp.
7:30 of 3rd period - Shot Misses the Net.
7:30 of 3rd period - Puck is out of play.
7:31 of 3rd period - Jason Arnott wins face-off versus David Legwand in Kings zone.
7:36 of 3rd period - David Legwand is hit by Jason Arnott and loses puck.
7:57 of 3rd period - Jay Bouwmeester is hit by Michael Rupp and loses puck.
8:08 of 3rd period - Snap shot by Brian Gionta.
8:08 of 3rd period - Shot Blocked by Jay Bouwmeester.
8:55 of 3rd period - Slapshot by Shane Doan.
8:55 of 3rd period - Stopped by Jimmy Howard without a rebound.
8:56 of 3rd period - Anze Kopitar wins face-off versus Alexei Morozov in Kings zone.
9:01 of 3rd period - David Legwand is hit by Anze Kopitar and loses puck.
9:22 of 3rd period - Danny Richmond is hit by Brian Gionta and loses puck.
10:05 of 3rd period - Wrist shot by Shane Doan.
10:05 of 3rd period - Shot Hit the Post.
10:07 of 3rd period - Snap shot by Shane Doan.
10:07 of 3rd period - Shot Misses the Net.
10:28 of 3rd period - Minor Penalty to Sean Zimmerman for Hooking.
10:29 of 3rd period - David Legwand wins face-off versus Jason Arnott in Kings zone.
11:01 of 3rd period - Dennis Wideman is hit by Antoine Vermette and loses puck.
12:20 of 3rd period - Icing by Pavel Kubina.
12:21 of 3rd period - Jason Arnott wins face-off versus Antoine Vermette in Stars zone.
12:28 of 3rd period - Penalty to Sean Zimmerman is over, Sean Zimmerman is back on ice.
12:36 of 3rd period - Wrist shot by Michael Rupp.
12:36 of 3rd period - Shot Misses the Net.
12:52 of 3rd period - Snap shot by Adrian Aucoin.
12:52 of 3rd period - Shot Misses the Net.
12:54 of 3rd period - Slapshot by Kris Vernarsky.
12:54 of 3rd period - Stopped by Pascal Leclaire without a rebound.
12:55 of 3rd period - Marty Reasoner wins face-off versus Anze Kopitar in Stars zone.
13:22 of 3rd period - Henrik Zetterberg is hit by David Legwand and loses puck.
14:27 of 3rd period - Slapshot by Brian Pothier.
14:27 of 3rd period - Stopped by Jimmy Howard without a rebound.
14:28 of 3rd period - Jason Arnott wins face-off versus Marty Reasoner in Kings zone.
14:41 of 3rd period - Wrist shot by Jan Hlavac.
14:41 of 3rd period - Stopped by Jimmy Howard without a rebound.
14:42 of 3rd period - David Legwand wins face-off versus Anze Kopitar in Kings zone.
15:07 of 3rd period - Pavel Kubina is hit by Danny Richmond and loses puck.
15:16 of 3rd period - Wrist shot by Nikolai Zherdev.
15:16 of 3rd period - Deflect By David Legwand.
15:16 of 3rd period - Shot Misses the Net.
15:16 of 3rd period - Puck is out of play.
15:17 of 3rd period - Michael Rupp wins face-off versus Anze Kopitar in Stars zone.
15:30 of 3rd period - Snap shot by Anze Kopitar.
15:30 of 3rd period - Deflect By Milan Michalek.
15:30 of 3rd period - Goal by Anze Kopitar - Stars : 4 - Kings : 5.
15:31 of 3rd period - Anze Kopitar wins face-off versus David Legwand in neutral zone.
15:53 of 3rd period - Minor Penalty to Danny Richmond for Roughing.
15:54 of 3rd period - David Legwand wins face-off versus Jason Arnott in Kings zone.
16:37 of 3rd period - Sergei Gonchar is hit by Pavel Kubina and loses puck.
17:09 of 3rd period - Wrist shot by Derek Boogaard.
17:09 of 3rd period - Shot Misses the Net.
17:25 of 3rd period - Minor Penalty to Francis Bouillon for Tripping.
17:26 of 3rd period - Anze Kopitar wins face-off versus David Legwand in Stars zone.
17:27 of 3rd period - Snap shot by Henrik Zetterberg.
17:27 of 3rd period - Shot Misses the Net.
17:33 of 3rd period - Wrist shot by David Legwand.
17:33 of 3rd period - Stopped by Jimmy Howard without a rebound.
17:34 of 3rd period - Anze Kopitar wins face-off versus David Legwand in Kings zone.
17:42 of 3rd period - Wrist shot by Alexei Morozov.
17:42 of 3rd period - Stopped by Jimmy Howard with a rebound.
17:44 of 3rd period - Snap shot by David Legwand.
17:44 of 3rd period - Stopped by Jimmy Howard without a rebound.
17:45 of 3rd period - David Legwand wins face-off versus Anze Kopitar in Kings zone.
17:53 of 3rd period - Penalty to Danny Richmond is over, Danny Richmond is back on ice.
18:22 of 3rd period - Shane Doan is hit by Jason Arnott and loses puck.
18:45 of 3rd period - David Legwand is hit by Patrick Kane and loses puck.
19:25 of 3rd period - Penalty to Francis Bouillon is over, Francis Bouillon is back on ice.
19:56 of 3rd period - Stars, Pascal Leclaire is pulled from the net.
19:58 of 3rd period - Snap shot by Brian Gionta.
19:58 of 3rd period - Shot Misses the Net.
Goals for this period are 1 for Stars vs 2 for Kings.
Shots for this period are 11 for Stars vs 10 for Kings.
Output by the SimonT Hockey Simulator (STHS) for François Prévost -- Original Page W3C XHTML 1.0 Valid